 Dungeon Crawl Stone Soup version 0.19.0-19-g8c6edcc (console) character file.

1519 Kloppie the Spear-Bearer (level 8, -1/67 HPs)
             Began as a Merfolk Berserker on Nov 16, 2016.
             Was an Elder of Trog.
             Killed from afar by Kloppie's ghost (7 damage)
             ... with a bolt of negative energy
             ... on level 6 of the Dungeon.
             The game lasted 00:08:18 (6153 turns).

Kloppie the Spear-Bearer (Merfolk Berserker)        Turns: 6153, Time: 00:08:19

Health: -1/67      AC:  7    Str: 17    XL:     8   Next: 84%
Magic:  8/8        EV: 14    Int:  7    God:    Trog [****..]
Gold:   237        SH:  0    Dex: 15    Spells: 0 memorised, 7 levels left

rFire  . . .     SeeInvis +     a - +1 spear
rCold  . . .     Gourm    .     l - +0 scale mail
rNeg   + . .     Faith    .     (no shield)
rPois  .         Spirit   .     (no helmet)
rElec  .         Reflect  .     (no cloak)
rCorr  .         Harm     .     u - +0 pair of gloves
MR     ++...                    (no boots)
Stlth  ..........               (no amulet)
                                g - ring of positive energy
                                d - ring of see invisible

@: exhausted, very slightly contaminated, regenerating, hasted and slowed,
drained
A: change form in water, swift swim, stealthy swim
a: Berserk, Trog's Hand, Brothers in Arms, Burn Spellbooks, Renounce Religion


You were on level 6 of the Dungeon.
You worshipped Trog.
Trog was greatly pleased with you.
You were near starving.

You visited 1 branch of the dungeon, and saw 6 of its levels.

You collected 237 gold pieces.

Inventory:

Hand Weapons
 a - a +1 spear (weapon)
 b - a +0 glaive
Armour
 i - a +0 large shield
 l - a +0 scale mail (worn)
 u - a +0 pair of gloves (worn)
Jewellery
 d - a ring of see invisible (left hand)
 g - a ring of positive energy (right hand)
 h - an uncursed ring of poison resistance {unknown}
Wands
 B - a wand of slowing (24/48)
Scrolls
 j - a scroll of recharging {unknown}
 k - a scroll of enchant armour {unknown}
 m - 2 scrolls of blinking
 n - 2 scrolls of fog
 p - 2 scrolls of enchant weapon
 q - 6 scrolls of identify
Potions
 v - 2 potions of brilliance
 x - 6 potions of curing
 z - a potion of cure mutation
Comestibles
 c - 5 bread rations
 f - 11 chunks of flesh
 t - 3 fruits


   Skills:
 + Level 7.5(6.5) Fighting
 + Level 9.9(8.8) Polearms
 - Level 1.3(0.5) Armour
 + Level 8.4(7.4) Dodging


You had 7 spell levels left.
You didn't know any spells.

Dungeon Overview and Level Annotations

Branches:
Dungeon (6/15)             Temple (0/1) D:5

Altars:
Elyvilon
Fedhas
Xom
Yredelemnul

Annotations:
D:6 Kloppie's ghost, novice DrBe


Message History

Kloppie's ghost breathes negative energy at you.
The bolt of negative energy hits you! You partially resist.
You feel drained.
* * * LOW HITPOINT WARNING * * *
You closely miss Kloppie's ghost.
Kloppie's ghost is almost destroyed.
Kloppie's ghost hits you.
* * * LOW HITPOINT WARNING * * *
You hit Kloppie's ghost but do no damage.
Kloppie's ghost is almost destroyed.
Your extra speed is starting to run out.
You hit Kloppie's ghost but do no damage.
Kloppie's ghost is almost destroyed.
Kloppie's ghost barely misses you.
You hit Kloppie's ghost.
Kloppie's ghost is almost destroyed.
Kloppie's ghost hits you!
* * * LOW HITPOINT WARNING * * *
Kloppie's ghost breathes negative energy at you.
The bolt of negative energy hits you! You partially resist.
You feel drained.
You die...

.........≈# ........#
.......# ##≈ .....# #≈≈
####....# ##≈≈######
##....# .#≈≈≈≈.....
##.%##W# .#≈≈≈≈#####
#..###)# .#≈≈≈≈#####
.......#@#### .## #.....
###..##......# ..#≈
#.#### ...#
###....##..#≈##.#
############.##..#....###
.............###....##
#...........###.##..#
#..#####.........###..
###)#..........
#)#.....#####


You could see Kloppie's ghost.

Vanquished Creatures
  An orc warrior (D:3)
  A sky beast (D:6)
  An ice beast (D:5)
  3 ogres
  A centaur (D:5)
  A bullfrog (D:6)
  A howler monkey (D:5)
  3 crimson imps
  A quasit (D:4)
  A centaur skeleton (D:5)
  A hound (D:5)
  2 jellies
  2 orc priests
  4 orc wizards
  An iguana (D:6)
  5 worker ants
  A hound skeleton (D:5)
  5 adders
  7 gnolls
  A shadow imp (D:6)
  An adder zombie (D:5)
  3 worms
  A dart slug (D:3)
  7 leopard geckos
  9 orcs
  11 bats
  2 giant cockroaches
  8 goblins
  9 hobgoblins
  11 jackals
  5 quokkas
  2 ball pythons
  2 frilled lizards
  7 kobolds
  A leopard gecko skeleton (D:6)
  A quokka skeleton (D:4)
  5 rats
128 creatures vanquished.

Notes
Turn   | Place    | Note
-------+----------+-------------------------------------------
     0 | D:1      | Kloppie the Merfolk Berserker began the quest for the Orb.
     0 | D:1      | Reached XP level 1. HP: 18/18 MP: 1/1
   204 | D:1      | Reached XP level 2. HP: 18/24 MP: 2/2
   712 | D:2      | Reached XP level 3. HP: 21/30 MP: 3/3
   797 | D:2      | Reached ** piety under Trog
   852 | D:2      | Reached skill level 5 in Polearms
  1231 | D:2      | Reached XP level 4. HP: 37/37 MP: 4/4
  1689 | D:3      | Reached XP level 5. HP: 43/43 MP: 5/5
  2369 | D:4      | Found a white marble altar of Elyvilon.
  2369 | D:4      | Noticed an orc warrior
  2384 | D:3      | Killed an orc warrior
  2384 | D:3      | Reached skill level 6 in Polearms
  2384 | D:3      | Reached skill level 5 in Dodging
  2384 | D:3      | Reached XP level 6. HP: 39/50 MP: 6/6
  2529 | D:3      | Reached skill level 5 in Fighting
  2752 | D:4      | Found a blossoming altar of Fedhas.
  2763 | D:4      | Reached *** piety under Trog
  2816 | D:4      | Reached skill level 7 in Polearms
  2816 | D:4      | Reached XP level 7. HP: 21/56 MP: 7/7
  3644 | D:4      | Found a basalt altar of Yredelemnul.
  3842 | D:5      | Entered Level 5 of the Dungeon
  4368 | D:5      | Found a staircase to the Ecumenical Temple.
  4421 | D:5      | Reached skill level 8 in Polearms
  4899 | D:5      | Reached XP level 8. HP: 28/65 MP: 8/8
  5291 | D:5      | Found a shimmering altar of Xom.
  5426 | D:5      | Reached skill level 9 in Polearms
  5993 | D:6      | Reached **** piety under Trog
  6075 | D:6      | Noticed Kloppie's ghost (novice DrBe)
  6153 | D:6      | Killed from afar by Kloppie's ghost

Skill      XL: |  1  2  3  4  5  6  7  8 |
---------------+-------------------------+-----
Dodging        | 3 4 5 7 8 |  8.4
Fighting       | 4 5 6 7 |  7.5
Polearms       | 5 6 7 8 9 |  9.9
Armour         | |  1.3

Action                   |  1- 3 |  4- 6 |  7- 9 || total
-------------------------+-------+-------+-------++-------
Melee: Spear             |   155 |   180 |   496 ||   831
       Tailslap          |       |     4 |       ||     4
Invok: Berserk           |     1 |     4 |     8 ||    13
       Trog's Hand       |       |     1 |     1 ||     2
  Use: Scroll            |       |       |    16 ||    16
       Potion            |       |       |     2 ||     2
 Stab: Distracted        |     1 |       |       ||     1
       Invisible         |       |       |     6 ||     6
  Eat: Chunk             |     2 |     9 |    12 ||    23
       Meat ration       |       |       |     1 ||     1
Armor: Animal skin       |     6 |       |       ||     6
       Scale mail        |    29 |    32 |   117 ||   178
Dodge: Dodged            |    75 |    70 |   211 ||   356
